 Dungeon Crawl Stone Soup version 0.27-a0-909-g0721f30 (webtiles) character file.

Game seed: 13526679895592632717

65 2tousent the Insei (level 3, 0/28 HPs)
             Began as a Draconian Transmuter on Apr 8, 2021.
             Succumbed to an adder's poison
             ... on level 2 of the Dungeon.
             The game lasted 00:02:48 (2010 turns).

2tousent the Insei (Draconian Transmuter)           Turns: 2010, Time: 00:02:49

Health: 0/28       AC:  5    Str: 12    XL:     3   Next: 92%
Magic:  6/6        EV: 12    Int: 13    God:
Gold:   26         SH:  0    Dex: 12    Spells: 3/6 levels left

rFire    . . .     SeeInvis +     - Unarmed
rCold    . . .     Faith    .   (no shield)
rNeg     . . .     Spirit   .   (armour unavailable)
rPois    .         Reflect  .   (helmet currently unavailable)
rElec    .         Harm     .   (no cloak)
rCorr    .         Rampage  .   (no gloves)
Will     .....                  (boots currently unavailable)
Stlth    +.........             (no amulet)
HPRegen  0.09/turn              e - ring of see invisible
MPRegen  0.10/turn              (no ring)

@: lethally poisoned (0 -> -2), appendages
A: horns 2, talons 2, AC +5, unfitting armour, cold-blooded
a: End Transformation


You were on level 2 of the Dungeon.
You had temporarily grown beastly horns and talons.
You visited 1 branch of the dungeon, and saw 2 of its levels.

You collected 26 gold pieces.

Inventory:

Jewellery
 e - a ring of see invisible (left hand)
Scrolls
 b - a scroll of identify
Potions
 a - a potion of ambrosia
 f - a potion of curing
 g - a potion of mutation {unknown}


   Skills:
 - Level 1.1 Fighting
 - Level 1.7 Dodging
 * Level 3.9 Unarmed Combat
 + Level 2.4 Spellcasting
 * Level 3.0 Transmutations


You had 3 spell levels left.
You knew the following spells:

 Your Spells              Type           Power      Damage    Failure   Level
a - Beastly Appendage     Tmut           18%        N/A       7%          1
b - Wereblood             Tmut           9%         N/A       11%         2

Your spell library contained the following spells:

 Spells                   Type           Power      Damage    Failure   Level
 Spider Form              Tmut/Pois      2%         N/A       36%         3
 Ice Form                 Ice/Tmut       5%         N/A       78%         4
 Hydra Form               Tmut           4%         N/A       88%         5


Dungeon Overview and Level Annotations

Branches:
Dungeon (2/15)

Altars:
Vehumet


Innate Abilities, Weirdness & Mutations

You have temporarily grown beastly horns and talons.
Your plain brown scales are hard. (AC +5)
You cannot fit into any form of body armour.
You are cold-blooded and may be slowed by cold attacks.


Message History

A kobold comes into view. It is wielding a +0 short sword.
The adder hisses angrily.
The kobold shouts!
The adder bites you.
You are poisoned.
The adder poisons you!
You barely miss the adder. You claw the adder.
The adder is moderately wounded.
You feel sick. The adder bites you but does no damage.
You closely miss the adder. You tail-slap the adder.
The adder is heavily wounded.
You feel sick. The adder bites you.
You hit the adder. Your kick misses the adder.
Your tail-slap misses the adder.
The adder is almost dead.
You feel sick. The adder bites you but does no damage.
The kobold throws a stone.
The stone hits you.
You miss the adder. Your kick misses the adder.
The adder is almost dead.
You feel sick. The adder bites you but does no damage.
You hit the adder. Your kick misses the adder.
Your tail-slap misses the adder.
The adder is almost dead.
You feel sick. The adder bites you.
A hobgoblin comes into view.
The kobold barely misses you. The adder bites you.
You are more poisoned.
The adder poisons you!
You closely miss the adder.
The adder is almost dead.
You feel sick. The adder bites you but does no damage.
The kobold barely misses you.
You hit the adder.
You kill the adder!
You feel sick. The kobold hits you but does no damage.
You hit the kobold but do no damage.
You feel sick.
The kobold hits you with a +0 short sword.
* * * LOW HITPOINT WARNING * * *
You closely miss the kobold.
You feel sick.
The kobold hits you with a +0 short sword.
* * * LOW HITPOINT WARNING * * *
You barely miss the kobold.
You die...

....# #.....# ..............+
....#.###.....####..............#
....#.....÷..................####
#...#####...................(
#...##......................
#...''.............g........
#...##...###.##..........##
#...##...# #.##..K###..##
#...##...# #.##.@.# #...##...#
#.##.†.# #...##...# #.##...#
#...##...# #.##...# ##### ####
#..+...+ ####...# #####


You could see a hobgoblin and a kobold.

Vanquished Creatures
  3 adders (D:2)
  2 dart slugs
  4 bats (D:1)
  2 endoplasms (D:1)
  5 giant cockroaches
  2 goblins (D:1)
  3 jackals (D:1)
  A quokka (D:1)
  4 ball pythons
  4 frilled lizards
  2 rats
32 creatures vanquished.

Notes
Turn   | Place    | Note
-------+----------+-------------------------------------------
     0 | D:1      | 2tousent the Draconian Transmuter began the quest for the
                  | Orb.
     0 | D:1      | Reached XP level 1. HP: 16/16 MP: 3/3
   246 | D:1      | Found a faded altar of an unknown god.
   260 | D:1      | Became a worshipper of Vehumet
   260 | D:1      | Reached * piety under Vehumet
   260 | D:1      | Offered knowledge of Shock by Vehumet.
   261 | D:1      | Fell from the grace of Vehumet
   290 | D:1      | Reached XP level 2. HP: 19/23 MP: 3/5
   493 | D:1      | Learned a level 2 spell: Wereblood
  1289 | D:2      | Reached XP level 3. HP: 28/28 MP: 6/6
  2009 | D:2      | HP: 1/28 [kobold/+0 short sword (4)]
  2010 | D:2      | Succumbed to an adder's poison

Illustrated notes

Levels and vault maps discovered:
D:1:      minmay_arrival_jagged, layout_loops_corners,
          ebering_ecumenical_altar_ruins
D:2:      layout_basic

Skill      XL: |  1  2  3 |
---------------+----------+-----
Transmutations | 3 |  3.0
Fighting       | |  1.1
Dodging        | |  1.7
Unarmed Combat | |  3.9
Spellcasting   | |  2.4

Action                   || total
-------------------------++-------
Melee: Unarmed           ||    86
       Headbutt          ||     7
       Kick              ||     7
       Tailslap          ||     7
       Punch             ||     1
 Cast: Beastly Appendage ||    17
Invok: Renounce Religion ||     1
  Use: Scroll            ||     4
 Stab: Sleeping          ||     1
Armor: Skin              ||    32
Dodge: Dodged            ||    43

Table legend: (Time is in decaauts)
 A = Elapsed time spent in this place.
 B = Non-inter-level travel time spent in this place.
 C = Inter-level travel time spent in this place.
 D = Time resting spent in this place.
 E = Time spent auto-exploring this place.
 F = Levels seen in this place.
 G = Mean time per level.
                   A        B        C        D        E       F      G
               +--------+--------+--------+--------+--------+-----+--------+
         Total |   2003 |   1985 |     18 |    148 |   1635 |   2 | 1001.5 |
       Dungeon |   2003 |   1985 |     18 |    148 |   1635 |   2 | 1001.5 |
               +--------+--------+--------+--------+--------+-----+--------+

Top non-repeatable levels by time:
     D:1: 1228 daAuts
     D:2: 775 daAuts
